 Dungeon Crawl Stone Soup version 0.31.0 (webtiles) character file.

Game seed: 8094015833810687698

77 Ruich the Chopper (level 4, -2/40 HPs)
             Began as a Minotaur Fighter on Jan 19, 2024.
             Slain by an ice beast (8 damage)
             ... on level 3 of the Dungeon on Jan 20, 2024.
             The game lasted 00:10:42 (1386 turns).

Ruich the Chopper (Minotaur Fighter)                Turns: 1386, Time: 00:10:43

Health: -2/40      AC:  7    Str: 23    XL:     4   Next: 14%
Magic:  3/3        EV:  9    Int:  5    God:
Gold:   101        SH:  4    Dex:  9    Spells: 3/3 levels left

rFire   . . .        a - +0 war axe
rCold   . . .        c - +0 buckler
rNeg    . . .        b - +0 scale mail
rPois   .            (helmet restricted)
rElec   .            (no cloak)
rCorr   .            (no gloves)
SInv    .            (no boots)
Will    .....        (no amulet) Stlth
                     L - ring of flight
HPRegen 0.26/turn    (no ring)
MPRegen 0.08/turn

%: no passive effects
@: flying
A: horns 2, retaliatory headbutt
a: no special abilities


You were on level 3 of the Dungeon.
You visited 1 branch of the dungeon, and saw 3 of its levels.

You collected 101 gold pieces.


Innate Abilities, Weirdness & Mutations

You have a pair of horns on your head.
You reflexively headbutt those who attack you in melee.


   Skills:
 - Level 4.0 Fighting
 * Level 4.9 Axes
 - Level 4.0 Armour
 - Level 3.6 Shields


You had 3 spell levels left.
You didn't know any spells.
Your spell library contained the following spells:

 Spells                   Type           Power      Damage    Failure   Level
 Dazzling Flash           Conj/Hex       0%         N/A       99%         3
 Volatile Blastmotes      Fire/Tloc      0%         2d10      99%         3
 Starburst                Conj/Fire      0%         6d3       100%        6
 Maxwell's Capacitive Co  Air            0%         ∞         100%        8

Inventory:

Hand Weapons
 a - a +0 war axe (weapon)
 g - a +3 hand axe
Missiles
 o - 3 javelins (quivered)
Armour
 b - a +0 scale mail (worn)
 c - a +0 buckler (worn)
 m - an orb of wrath
Jewellery
 L - a ring of flight (left hand)
Talismans
 p - a talisman of death
Scrolls
 i - 2 scrolls of teleportation {unknown}
 j - 4 scrolls of identify {unknown}
 q - a scroll of revelation {unknown}
Potions
 d - a potion of might
 e - 2 potions of curing {unknown}
 f - a potion of heal wounds {unknown}
 h - a potion of degeneration {unknown}
 k - a potion of resistance {unknown}
 l - 2 potions of magic {unknown}
 n - a potion of haste {unknown}

Dungeon Overview and Level Annotations

Branches:
Dungeon (3/15)

Altars:
Xom
Zin

##### ######...#
.......#.# ########
######...# #.Y....# ##
##.## #####@####.# .#
#.####.....# #.# .#
#.##...~...# #.# .#
#.##.~~~.#.# #.# .###
##..........# #.#
...###...........####.##
##(......<.~...........###
##..........####.####...#
#...#≈...#### #.# ###.###


You could see an ice beast.


Message History

You barely miss the ice beast.
The ice beast is moderately wounded.
The ice beast barely misses you.
You hit the ice beast. Your headbutt misses the ice beast.
The ice beast is heavily wounded.
The ice beast hits you. The ice beast freezes you!
* * * LOW HITPOINT WARNING * * *
You barely miss the ice beast.
The ice beast is heavily wounded.
The ice beast barely misses you.
You hit the ice beast.
The ice beast is severely wounded.
The ice beast hits you but does no damage.
The ice beast hits you.
* * * LOW HITPOINT WARNING * * *
The ice beast freezes you!
* * * LOW HITPOINT WARNING * * *
The ice beast attacks as it pursues you!
The ice beast hits you but does no damage.
The ice beast attacks as it pursues you!
The ice beast closely misses you.
The ice beast attacks as it pursues you!
The ice beast hits you but does no damage.
The ice beast attacks as it pursues you!
You block the ice beast's attack.
The ice beast attacks as it pursues you!
The ice beast hits you.
* * * LOW HITPOINT WARNING * * *
The ice beast freezes you!
You die...

Skill      XL: |  1  2  3 |
---------------+----------+-----
Axes           | 3 4 |  4.9
Fighting       | 4 |  4.0
Armour         | 4 |  4.0
Shields        | |  3.6

Action                     |  1- 3 |  4- 6 || total
---------------------------+-------+-------++-------
  Melee: War axe           |    93 |    16 ||   109
         Headbutt          |     4 |     3 ||     7
  Throw: Javelin           |       |     2 ||     2
 Armour: Scale mail        |    49 |    14 ||    63
  Dodge: Dodged            |    45 |     5 ||    50
  Block: Buckler           |    21 |     7 ||    28

Levels and vault maps discovered:
D:1:      dpeg_arrival_simpleton_b, layout_rooms
D:2:      layout_rooms, minmay_hedge_maze, minmay_misc_feat_doors
D:3:      layout_loops_ring, grunt_temple_overflow_order_and_chaos_1,
          serial_rivers, chequers_serial_rivers_micro_c,
          chequers_serial_rivers_small_b, chequers_serial_rivers_marsh,
          chequers_serial_rivers_micro_a, nicolae_the_louvre

Notes
Turn   | Place    | Note
-------+----------+-------------------------------------------
     0 | D:1      | Ruich the Minotaur Fighter began the quest for the Orb.
     0 | D:1      | Reached XP level 1. HP: 19/19 MP: 0/0
   109 | D:1      | Reached XP level 2. HP: 27/27 MP: 1/1
   113 | D:1      | Reached skill level 3 in Axes
   199 | D:1      | Reached skill level 4 in Fighting
   199 | D:1      | Reached skill level 4 in Armour
   211 | D:1      | Reached XP level 3. HP: 30/33 MP: 2/2
   544 | D:2      | Reached skill level 4 in Axes
  1061 | D:3      | Reached XP level 4. HP: 40/40 MP: 3/3
  1090 | D:3      | Found a shimmering altar of Xom.
  1090 | D:3      | Found a glowing silver altar of Zin.
  1090 | D:3      | Noticed an angel
  1320 | D:3      | Noticed an ice beast
  1367 | D:3      | HP: 2/40 [ice beast (14)]
  1386 | D:3      | Slain by an ice beast

Vanquished Creatures
  An adder (D:2)
  3 dart slugs
  5 endoplasms
  3 giant cockroaches (D:3)
  8 goblins
  7 hobgoblins
  6 quokkas
  7 ball pythons
  4 bats
  5 frilled lizards
  5 kobolds
  2 rats (D:1)
56 creatures vanquished.

Table legend: (Time is in decaauts)
 A = Elapsed time spent in this place.
 B = Non-inter-level travel time spent in this place.
 C = Inter-level travel time spent in this place.
 D = Time resting spent in this place.
 E = Time spent auto-exploring this place.
 F = Levels seen in this place.
 G = Mean time per level.
                   A        B        C        D        E       F      G
               +--------+--------+--------+--------+--------+-----+--------+
         Total |   1421 |   1421 |      0 |     34 |    872 |   3 |  473.7 |
       Dungeon |   1421 |   1421 |      0 |     34 |    872 |   3 |  473.7 |
               +--------+--------+--------+--------+--------+-----+--------+

Top non-repeatable levels by time:
     D:2: 564 daAuts
     D:3: 456 daAuts
     D:1: 400 daAuts

Table legend:
 A = Non-vault XP
 B = Vault XP
 C = Vault XP percentage of total XP
 D = Non-vault monster count
 E = Vault monster count
 F = Vault count percentage of total count
                 A         B        C        D         E       F
            +---------+---------+-------+---------+---------+-------
      Total |     111 |       0 |   0.0 |      56 |       0 |   0.0
            +---------+---------+-------+---------+---------+-------
        D:1 |      46 |       0 |   0.0 |      28 |       0 |   0.0
        D:2 |      41 |       0 |   0.0 |      16 |       0 |   0.0
        D:3 |      24 |       0 |   0.0 |      12 |       0 |   0.0
            +---------+---------+-------+---------+---------+-------
